Map: [ESL] Alcyone

Players

Oliveira - Winner!

  • Race: Terran Terran
  • Spawn Location: 7:00

Astrea

  • Race: Protoss Protoss
  • Spawn Location: 1:00

Event: ESL SC2 Masters 2023 Winter (Finals)

VOD

Have the link to the VOD?

Description

Time

  • Played on: Dec. 16, 2023, 1:21 p.m.
  • Length: 9:14

All games in this series

Show
View Real Time Build Order
Export as new Build Order

Oliveira Terran - Winner!

Build Orders: Cyclone Opening, Reaper Expand 

Get SALT Encoding   

  12  0:00  SCV  
  13  0:12  SCV  
  14  0:17  Supply Depot  
  14  0:24  SCV  
  15  0:39  SCV  
  15  0:40  Barracks  
  16  0:44  Refinery  
  16  0:51  SCV  
  17  1:03  SCV  
  18  1:15  SCV  
  19  1:27  Orbital Command  
  19  1:28  Reaper  
  20  1:42  Command Center  
  20  1:47  Supply Depot  
  20  1:53  SCV  
  21  2:00  Marine  
  22  2:05  SCV  
  22  2:07  Factory  
  23  2:13  Refinery  
  23  2:17  SCV  
  24  2:23  Barracks Reactor  
  24  2:27  Barracks  
  24  2:31  SCV  
  25  2:43  SCV  
  26  2:51  Cyclone  
  28  2:54  Orbital Command  
  28  2:55  SCV  
  29  3:00  Marine x2  
  31  3:08  SCV  
  32  3:14  Barracks Tech Lab  
  32  3:18  Marine x2  
  34  3:21  Supply Depot  
  34  3:22  SCV x2  
  34  3:23  Factory Tech Lab  
  36  3:34  Stimpack, SCV x2  
  36  3:35  Marine  
  36  3:38  Marine  
  39  3:41  Siege Tank  
  39  3:44  Marine  
  39  3:45  Supply Depot  
  39  3:46  SCV  
  39  3:48  SCV  
  45  3:53  Starport  
  45  3:58  Marine x2, SCV  
  45  4:00  SCV  
  49  4:07  Supply Depot  
  49  4:10  SCV  
  49  4:12  SCV  
  49  4:13  Siege Tank  
  49  4:16  Engineering Bay  
  54  4:17  Marine  
  54  4:19  Marine  
  54  4:21  Marine  
  54  4:22  SCV  
  58  4:24  SCV  
  58  4:31  Medivac  
  61  4:33  Refinery  
  61  4:35  Marine, SCV  
  61  4:36  Marine, SCV  
  65  4:41  Barracks  
  65  4:42  Marine  
  65  4:47  SCV  
  65  4:53  Marine  
  65  4:54  Marine, SCV  
  65  4:58  Terran Infantry Weapons Level 1  
  68  5:00  Supply Depot  
  68  5:02  Supply Depot  
  68  5:06  Starport Reactor, Factory Reactor  
  67  5:08  Marauder  
  67  5:09  SCV  
  67  5:13  Refinery  
  70  5:21  SCV, Marine  
  70  5:22  Supply Depot  
  71  5:29  SCV  
  71  5:31  Marauder, Marine  
  71  5:34  Command Center  
  75  5:39  Marine  
  78  5:43  Marauder  
  78  5:48  Widow Mine x2  
  78  5:49  Marine  
  78  5:59  Marauder, Marine  
  71  6:06  Marine x2  
  71  6:09  Medivac x2  
  71  6:11  Widow Mine x2  
  72  6:13  SCV x2  
  72  6:16  Supply Depot  
  72  6:18  Concussive Shells  
  74  6:19  Combat Shield  
  74  6:22  Marine  
  74  6:23  Marauder  
  74  6:25  SCV x2  
  79  6:29  Barracks  
  79  6:30  Barracks  
  79  6:32  Marine  
  82  6:33  Marauder  
  82  6:35  Widow Mine  
  82  6:37  Widow Mine  
  85  6:42  SCV x2  
  85  6:44  Marine  
  85  6:46  Marauder  
  90  6:51  Armory  
  90  6:52  Terran Infantry Armor Level 1  
  90  6:53  Supply Depot, Marine  
  92  7:02  Marine  
  92  7:03  Widow Mine x2, Medivac x2  
  92  7:04  SCV x2  
  101  7:10  Marauder  
  101  7:12  Orbital Command, Missile Turret  
  105  7:15  Marauder  
  105  7:17  Marine  
  105  7:18  Barracks Reactor  
  105  7:19  Barracks Tech Lab  
  105  7:20  SCV  
  105  7:21  SCV  
  105  7:22  Marine  
  108  7:26  Widow Mine  
  111  7:32  SCV  
  111  7:33  SCV  
  111  7:35  Marine  
  111  7:36  Widow Mine, Marine, Marauder  
  119  7:39  Marine  
  119  7:40  Marine  
  121  7:46  Supply Depot  
  121  7:47  Widow Mine  
  121  7:49  SCV  
  124  7:51  SCV, Supply Depot  
  124  7:55  Marauder, Marine  
  124  7:57  Marine  
  123  7:58  Marauder  
  123  8:05  Medivac x2  
  125  8:06  Marine  
  125  8:08  Marine x2  
  126  8:13  Marine, Widow Mine x2, SCV  
  126  8:15  Marauder  
  126  8:17  Marauder  
  126  8:19  Marine  
  136  8:24  Marine  
  136  8:25  SCV  
  136  8:26  Marine  
  139  8:29  SCV  
  139  8:31  Supply Depot, Refinery  
  139  8:32  Refinery, Ghost Academy  
  137  8:37  Marauder, Marine  
  137  8:39  Widow Mine x2  
  140  8:45  Marine x2  
  140  8:46  Marauder  
  140  8:48  Marauder, Marine  
  141  8:54  Marine  
Show
View Real Time Build Order
Export as new Build Order

Astrea Protoss 

Build Orders: 1 Gate Expand, Phoenix Opening, Blink Stalkers 

Get SALT Encoding   

  12  0:00  Probe  
  13  0:12  Probe  
  14  0:17  Pylon  
  14  0:24  Probe (Chrono Boost)  
  16  0:36  Gateway  
  16  0:37  Probe (Chrono Boost)  
  16  0:42  Probe (Chrono Boost)  
  16  0:45  Assimilator  
  17  0:51  Probe  
  18  1:03  Probe  
  19  1:15  Probe  
  20  1:23  Nexus  
  20  1:31  Cybernetics Core  
  20  1:34  Probe  
  20  1:38  Assimilator  
  21  1:46  Probe  
  22  1:49  Pylon  
  22  1:58  Probe  
  23  2:07  Stalker (Chrono Boost)  
  23  2:08  Warp Gate  
  23  2:10  Probe (Chrono Boost)  
  26  2:20  Probe (Chrono Boost)  
  27  2:25  Probe (Chrono Boost)  
  28  2:30  Sentry  
  28  2:35  Probe  
  28  2:36  Probe  
  32  2:41  Twilight Council  
  32  2:47  Probe  
  32  2:49  Probe  
  34  2:53  Gateway  
  34  2:59  Probe, Stalker (Chrono Boost)  
  34  3:01  Phoenix, Probe  
  38  3:09  Blink (Chrono Boost)  
  38  3:11  Probe  
  39  3:13  Probe  
  39  3:14  Pylon  
  40  3:23  Probe  
  40  3:25  Probe  
  42  3:36  Probe  
  42  3:37  Probe  
  44  3:43  Nexus  
  44  3:45  Pylon  
  44  3:48  Probe  
  45  3:51  Probe  
  46  3:58  Stalker x2  
  46  4:00  Probe  
  46  4:02  Gateway  
  51  4:06  Probe  
  52  4:10  Forge  
  52  4:12  Probe  
  53  4:18  Gateway, Probe  
  54  4:24  Probe  
  54  4:29  Gateway  
  54  4:30  Probe  
  56  4:36  Gateway, Probe  
  57  4:40  Protoss Ground Armor Level 1 (Chrono Boost), Charge (Chrono Boost)  
  57  4:42  Probe  
  58  4:48  Probe  
  59  4:54  Probe  
  59  4:55  Zealot x2  
  59  4:56  Pylon  
  59  4:59  Probe  
  65  5:00  Probe  
  65  5:01  Shield Battery  
  65  5:06  Probe, Stalker  
  67  5:11  Probe  
  68  5:14  Stalker  
  68  5:15  Stalker x2  
  68  5:17  Probe  
  68  5:19  Probe  
  76  5:27  Pylon  
  76  5:32  Pylon  
  76  5:35  Pylon x2  
  76  5:37  Pylon  
  76  5:45  Zealot x4  
  84  5:51  Stalker x2  
  80  5:57  Nexus  
  80  6:01  Probe  
  69  6:05  Stalker x3  
  69  6:06  Probe  
  74  6:18  Forge  
  74  6:23  Nexus  
  74  6:25  Probe  
  75  6:28  Probe  
  75  6:29  Sentry  
  78  6:37  Probe  
  79  6:40  Probe  
  79  6:42  Gateway, Protoss Ground Armor Level 2 (Chrono Boost)  
  79  6:46  Robotics Facility  
  80  6:49  Zealot x2, Probe  
  85  6:55  Probe  
  85  6:57  Protoss Ground Weapons Level 1 (Chrono Boost)  
  85  7:00  Zealot x3  
  92  7:01  Probe  
  93  7:10  Probe x2  
  95  7:20  Pylon  
  95  7:21  Zealot x4  
  103  7:25  Zealot x2  
  103  7:26  Probe  
  103  7:27  Probe  
  103  7:29  Probe  
  110  7:36  Observer (Chrono Boost), Photon Cannon  
  109  7:38  Probe  
  104  7:47  Zealot x5  
  99  8:10  Stalker  
  99  8:12  Zealot x6  
  96  8:13  Observer  
  80  8:32  Stalker x5  
  80  8:33  Zealot x2  
  74  8:54  Zealot  
  74  8:55  Zealot x6  
Tags
 
Add a new tag
Caveats
  • Supply blocks, unpowered buildings, or Contaminate may cause inaccurate times.
  • Supply counts are checked every 10 seconds.